Map: Backwater LE

Players

Dear

  • Race: Protoss Protoss
  • Spawn Location: 5:00

Impact - Winner!

  • Race: Zerg Zerg
  • Spawn Location: 11:00

Event: IEM Season 12 - Katowice

VOD

Have the link to the VOD?

Description

Time

  • Played on: March 3, 2018, 7:58 a.m.
  • Length: 10:19

All games in this series

Show
View Real Time Build Order
Export as new Build Order

Dear Protoss 

Build Orders: 1 Gate Expand, Oracle Opening, Phoenix Opening, Archon Immortal, Zealot Archon, Archon Drop 

Get SALT Encoding   

  12  0:00  Probe  
  13  0:12  Probe  
  14  0:19  Pylon  
  14  0:24  Probe  
  15  0:37  Probe (Chrono Boost)  
  15  0:42  Gateway  
  16  0:47  Probe (Chrono Boost)  
  16  0:48  Assimilator  
  17  0:52  Probe (Chrono Boost)  
  18  1:03  Probe  
  19  1:15  Probe  
  20  1:25  Nexus  
  20  1:36  Cybernetics Core  
  20  1:39  Probe  
  21  1:45  Assimilator  
  21  1:51  Probe  
  21  1:54  Pylon  
  22  2:03  Probe  
  23  2:11  Adept (Chrono Boost)  
  23  2:15  Probe  
  26  2:17  Stargate  
  26  2:25  Warp Gate  
  26  2:27  Probe (Chrono Boost)  
  26  2:29  Adept  
  27  2:36  Probe (Chrono Boost)  
  30  2:39  Probe (Chrono Boost)  
  31  2:46  Probe (Chrono Boost)  
  31  2:47  Probe (Chrono Boost)  
  31  2:51  Probe (Chrono Boost)  
  33  2:53  Probe  
  37  2:59  Oracle (Chrono Boost)  
  37  3:03  Probe  
  39  3:05  Probe  
  42  3:15  Probe  
  42  3:16  Pylon  
  42  3:17  Probe  
  44  3:21  Gateway  
  42  3:28  Probe  
  42  3:29  Phoenix (Chrono Boost)  
  42  3:30  Probe  
  42  3:31  Assimilator  
  42  3:33  Assimilator  
  46  3:37  Pylon  
  46  3:41  Probe  
  47  3:42  Probe  
  48  3:48  Robotics Facility  
  48  3:53  Probe  
  48  3:54  Probe  
  50  4:03  Twilight Council  
  50  4:05  Probe  
  50  4:06  Probe  
  52  4:17  Probe  
  52  4:18  Probe  
  52  4:20  Gateway  
  52  4:22  Gateway  
  54  4:30  Nexus  
  54  4:34  Warp Prism (Chrono Boost)  
  56  4:43  Templar Archives  
  56  4:45  Zealot  
  58  4:51  Probe x2  
  60  4:56  Pylon  
  60  5:02  Forge  
  60  5:05  Probe x2  
  60  5:08  Observer (Chrono Boost)  
  60  5:09  Charge  
  59  5:17  Probe x2  
  61  5:23  Pylon  
  61  5:25  High Templar x4  
  69  5:29  Probe, Archon x2  
  70  5:36  Probe  
  70  5:41  Immortal  
  71  5:43  Probe  
  71  5:48  Probe x2  
  74  5:55  Probe  
  72  5:59  Protoss Ground Weapons Level 1  
  72  6:00  Probe  
  72  6:01  Probe  
  74  6:07  Probe (Chrono Boost)  
  75  6:13  Probe x2 (Chrono Boost)  
  75  6:15  Pylon  
  75  6:18  Robotics Facility  
  77  6:19  Probe (Chrono Boost)  
  77  6:21  Immortal (Chrono Boost), Assimilator x2  
  77  6:24  Probe x2 (Chrono Boost), Sentry  
  86  6:27  Probe (Chrono Boost)  
  86  6:29  Probe x2 (Chrono Boost), Sentry  
  86  6:30  Pylon  
  91  6:33  Probe  
  91  6:35  Pylon  
  91  6:36  Pylon  
  91  6:39  Probe x2  
  88  6:45  Probe  
  88  6:46  Sentry  
  87  6:51  Probe  
  88  6:57  Gateway  
  88  6:58  Immortal (Chrono Boost)  
  88  6:59  Gateway  
  92  7:02  Gateway  
  92  7:05  Probe x3, Gateway  
  95  7:10  Psionic Storm  
  95  7:11  Phoenix  
  95  7:12  Phoenix  
  95  7:13  Pylon  
  95  7:16  Immortal  
  99  7:23  Nexus  
  99  7:26  Pylon  
  99  7:29  Pylon  
  103  7:43  Photon Cannon  
  105  7:45  Photon Cannon  
  105  7:48  Pylon  
  103  7:52  High Templar x4  
  103  7:56  Photon Cannon  
  103  7:58  Protoss Ground Weapons Level 2  
  111  8:04  Photon Cannon  
  111  8:05  Photon Cannon  
  111  8:07  Stalker x3  
  111  8:09  Phoenix (Chrono Boost), Stalker  
  117  8:23  Archon  
  117  8:25  Warp Prism (Chrono Boost)  
  117  8:27  Archon  
  117  8:32  Immortal (Chrono Boost)  
  122  8:34  Zealot x4  
  122  8:35  Zealot x4  
  138  8:45  Photon Cannon  
  138  8:50  Immortal (Chrono Boost)  
  132  9:00  Zealot x4  
  132  9:01  Zealot x2  
  120  9:15  Zealot x2  
  96  9:19  Immortal (Chrono Boost)  
  93  9:27  Zealot x5  
  93  9:28  Immortal (Chrono Boost)  
  91  9:42  High Templar  
  91  9:43  Gateway, High Templar  
  91  9:44  Gateway  
  94  9:48  Archon  
  94  9:49  Zealot  
  94  9:50  Zealot x3  
  94  9:52  Zealot  
Show
View Real Time Build Order
Export as new Build Order

Impact Zerg - Winner!

Build Orders: Hatch First, Roach Hydra 

Get SALT Encoding   

  12  0:00  Drone  
  13  0:12  Overlord  
  13  0:16  Drone  
  14  0:30  Drone x2  
  14  0:35  Drone  
  17  0:51  Hatchery  
  17  0:54  Drone  
  17  0:57  Drone  
  18  1:08  Drone, Extractor  
  18  1:17  Spawning Pool  
  17  1:20  Drone  
  18  1:28  Drone  
  19  1:39  Drone  
  20  1:50  Drone  
  21  2:00  Overlord  
  21  2:04  Queen x2, Zergling x2  
  26  2:08  Metabolic Boost  
  26  2:11  Drone  
  26  2:15  Drone  
  28  2:22  Drone  
  29  2:26  Drone  
  30  2:33  Drone  
  31  2:37  Drone  
  31  2:42  Hatchery  
  31  2:44  Zergling x2  
  32  2:47  Drone  
  33  2:53  Overlord  
  33  2:58  Drone  
  34  3:09  Drone x2  
  34  3:12  Drone x3  
  39  3:13  Drone x3  
  39  3:17  Queen  
  39  3:18  Overlord  
  44  3:23  Spore Crawler  
  44  3:26  Spore Crawler  
  42  3:27  Zergling x2  
  42  3:29  Zergling x2  
  42  3:34  Overlord  
  44  3:39  Zergling x2  
  45  3:45  Drone  
  45  3:46  Drone x4  
  45  3:47  Drone  
  51  3:52  Drone  
  51  3:54  Queen  
  55  3:55  Drone x2  
  56  4:03  Overlord  
  56  4:06  Drone  
  56  4:09  Spore Crawler, Drone  
  57  4:13  Spore Crawler  
  56  4:17  Drone, Lair  
  56  4:21  Drone x2, Roach Warren  
  56  4:22  Overlord  
  58  4:24  Extractor  
  58  4:25  Drone, Extractor  
  58  4:27  Drone x2  
  58  4:30  Drone  
  60  4:34  Overlord  
  60  4:35  Drone  
  60  4:37  Overlord  
  61  4:38  Overlord  
  61  4:43  Drone  
  62  4:46  Drone  
  62  4:47  Drone x2  
  62  4:51  Drone x2  
  62  4:52  Drone x2  
  68  4:54  Zergling x4  
  68  5:08  Drone  
  68  5:10  Drone x6  
  74  5:14  Glial Reconstitution  
  74  5:15  Roach x2  
  74  5:17  Extractor  
  74  5:19  Roach  
  74  5:20  Roach  
  81  5:21  Roach  
  81  5:23  Roach  
  81  5:24  Roach  
  81  5:26  Roach  
  81  5:28  Roach  
  90  5:38  Spire  
  90  5:40  Drone  
  90  5:41  Drone x2  
  91  5:43  Drone x5  
  91  5:45  Extractor  
  91  5:46  Drone, Extractor  
  91  5:47  Drone  
  91  5:48  Roach, Overlord  
  97  5:54  Overlord  
  95  5:57  Drone  
  95  6:00  Drone, Hydralisk Den  
  95  6:01  Evolution Chamber  
  95  6:02  Drone x2  
  96  6:05  Overlord  
  96  6:06  Overseer  
  96  6:07  Overlord  
  96  6:13  Roach x5  
  96  6:18  Overlord x2  
  106  6:27  Zerg Missile Weapons Level 1, Zergling x2  
  107  6:40  Hatchery  
  107  6:44  Drone  
  107  6:45  Drone  
  107  6:46  Drone x10  
  118  6:56  Grooved Spines  
  118  6:58  Extractor, Mutalisk x3  
  118  6:59  Mutalisk  
  118  7:00  Mutalisk x2  
  129  7:02  Extractor  
  129  7:05  Mutalisk  
  129  7:08  Zergling x14  
  137  7:14  Hydralisk  
  139  7:17  Overlord x2  
  139  7:29  Drone x2, Hydralisk x2  
  143  7:30  Overlord x2  
  143  7:33  Overlord x2  
  143  7:35  Overlord  
  145  7:39  Hydralisk x2  
  145  7:42  Hydralisk  
  151  7:49  Hydralisk  
  151  7:50  Hydralisk  
  155  7:53  Hydralisk x2  
  155  7:55  Baneling Nest  
  155  7:57  Hydralisk x2  
  162  8:02  Drone  
  162  8:03  Hydralisk  
  162  8:04  Zergling x6  
  167  8:06  Hydralisk  
  167  8:07  Muscular Augments  
  169  8:14  Hydralisk x2  
  169  8:15  Zergling x6  
  169  8:16  Hydralisk, Zergling x2  
  179  8:27  Hydralisk x2, Zergling x2  
  175  8:28  Zergling x4  
  175  8:30  Hydralisk  
  175  8:31  Zergling x6  
  184  8:35  Ravager x4  
  184  8:36  Overlord  
  184  8:37  Overlord  
  185  8:42  Overlord  
  185  8:45  Lurker Den, Overlord  
  185  8:48  Hydralisk x2  
  174  8:50  Hydralisk  
  174  8:51  Zergling x2  
  174  8:53  Hydralisk  
  174  8:54  Zergling x2  
  174  8:55  Zergling x2  
  169  8:59  Roach x4  
  169  9:02  Roach x2, Zergling x2  
  180  9:05  Hydralisk, Zergling x2  
  180  9:06  Zergling x2  
  180  9:07  Zergling x2  
  180  9:09  Roach  
  172  9:10  Zergling x4  
  172  9:12  Roach  
  172  9:13  Roach  
  172  9:16  Roach, Zergling x2  
  166  9:17  Hydralisk  
  166  9:21  Overseer  
  166  9:22  Roach, Zergling x2  
  157  9:25  Roach, Zergling x6  
  157  9:28  Roach, Zergling x6  
  157  9:30  Roach  
  157  9:31  Zergling x2  
  159  9:32  Zergling x2  
  159  9:34  Hydralisk  
  159  9:35  Hydralisk  
  159  9:37  Ravager x2, Zergling x2  
  167  9:38  Hydralisk  
  167  9:43  Hydralisk, Zergling x2  
  171  9:47  Roach, Zergling x2  
  169  9:53  Roach, Zergling x2  
  169  9:56  Roach, Zergling x10  
  169  9:58  Zergling x4  
  181  10:00  Roach, Zergling x2  

Tags
 
Add a new tag
Caveats
  • Supply blocks, unpowered buildings, or Contaminate may cause inaccurate times.
  • Supply counts are checked every 10 seconds.